 Dungeon Crawl Stone Soup version 0.25-a0-356-g7c9d860b3b (webtiles) character file.

Game seed: 10489172028557165390, levelgen mode: deterministic

8073 Borgoz the Basher (level 11, -6/72 HPs)
             Began as a Gargoyle Gladiator on Jan 3, 2020.
             Was a Priest of the Shining One.
             Mangled by a tentacled starspawn (18 damage)
             ... on level 2 of the Abyss.
             The game lasted 00:13:45 (7667 turns).

Borgoz the Basher (Gargoyle Gladiator)              Turns: 7667, Time: 00:13:45

Health: -6/72      AC: 27    Str: 20    XL:     11   Next: 25%
Magic:  11/11      EV:  9    Int: 10    God:    the Shining One [***...]
Gold:   614        SH:  3    Dex: 11    Spells: 10/10 levels left

rFire    + . .     SeeInvis +   D - +1 morningstar
rCold    + . .     Gourm    .   (no shield)
rNeg     + + .     Faith    .   J - +0 chain mail
rPois    ∞         Spirit   .   v - +2 helmet
rElec    +         Reflect  +   E - scarf {rC+ rF+}
rCorr    .         Harm     .   g - +0 pair of gloves
MR       .....                  x - +0 pair of boots
Stlth    ..........             s - +3 amulet of reflection
HPRegen  0.22/turn              e - +2 ring of protection
MPRegen  0.12/turn              a - ring of see invisible

@: glowing
A: negative energy resistance 1, electricity resistance, unbreathing,
petrification resistance, rot immunity, AC +8
a: Divine Shield, Renounce Religion


You were on level 2 of the Abyss.
You worshipped the Shining One.
The Shining One was most pleased with you.
You were not hungry.

You visited 2 branches of the dungeon, and saw 10 of its levels.
You visited the Abyss 1 time.
You also visited: Sewer.

You collected 614 gold pieces.

Inventory:

Hand Weapons
 p - the +2 long sword of Dismemberment {slice, MR++, unknown}
   (You found it on level 2 of the Abyss)

   It inflicts extra damage upon your enemies.
   It affects your resistance to hostile enchantments.
 C - the +1 dagger of the Spider Nest {venom, rF+ Int+2}
   (You found it on level 5 of the Dungeon)

   It poisons the flesh of those it strikes.
   It affects your intelligence (+2).
   It protects you from fire.
 D - a +1 morningstar (weapon)
 I - the +9 hunting sling of Death's Door {velocity, Str+5, unknown}
   (You found it on level 8 of the Dungeon)

   Any stone fired from it inflicts extra damage.
   It affects your strength (+5).
Missiles
 d - 2 throwing nets (quivered)
Armour
 g - a +0 pair of gloves (worn)
 v - a +2 helmet (worn)
 x - a +0 pair of boots (worn)
 E - a scarf of resistance (worn)
 J - a +0 chain mail (worn)
Jewellery
 a - a ring of see invisible (right hand)
 c - an uncursed ring of flight
 e - a +2 ring of protection (left hand)
 s - a +3 amulet of reflection (around neck)
 H - an uncursed ring of protection from magic
Wands
 y - a wand of disintegration (8)
 B - a wand of digging (4)
Scrolls
 h - 3 scrolls of remove curse
 i - 4 scrolls of magic mapping
 l - 3 scrolls of enchant weapon
 m - 3 scrolls of noise {unknown}
 n - 8 scrolls of teleportation
 q - a scroll of amnesia {unknown}
 t - 2 scrolls of enchant armour {unknown}
 w - 2 scrolls of fear {unknown}
 A - a scroll of fog {unknown}
Potions
 b - 2 potions of haste
 j - 6 potions of flight
 k - a potion of lignification
 o - a potion of ambrosia {unknown}
 r - 3 potions of curing
 u - 3 potions of cancellation {unknown}
 z - 2 potions of mutation
Comestibles
 f - 13 rations


   Skills:
 + Level 9.6 Fighting
 * Level 12.2 Maces & Flails
 - Level 1.7 Throwing
 + Level 9.3 Armour
 - Level 2.4 Dodging


You had 10 spell levels left.
You didn't know any spells.
Your spell library contained the following spells:

 Spells                   Type           Power        Failure   Level  Hunger
 Poisonous Vapours        Pois/Air       #.....       99%         2    ###....
 Conjure Flame            Conj/Fire      #.......     100%        3    ####...
 Mephitic Cloud           Conj/Pois/Air  #.......     100%        3    ####...
 Freezing Cloud           Conj/Ice/Air   #.........   100%        6    #######
 Ring of Flames           Chrm/Fire      #.........   100%        7    #######


Dungeon Overview and Level Annotations

Branches:
Dungeon (9/15)             Temple (1/1) D:4            Lair (0/6) D:8
  Sewer (visited)
    Orc: D:9-12

Altars:
Ashenzari
Cheibriados
Dithmenos
Elyvilon
Fedhas
Gozag
Hepliaklqana
Kikubaaqudgha
Makhleb
Nemelex Xobeh
Okawaru
Qazlal
Ru
Sif Muna
Trog
Uskayaw
Vehumet
Wu Jian
Xom
Yredelemnul
Zin
The Shining One

Annotations:
D:5 1 runed translucent door, Wormgod's ghost, novice MiBe
D:9 Erolcha


Innate Abilities, Weirdness & Mutations

You are resistant to torment.
Your stone body is resilient. (AC +8)
You are immune to poison.
You resist negative energy. (rN+)
You are resistant to electric shocks. (rElec)
You can survive without breathing.
You are immune to petrification.
You are immune to rotting.


Message History

The sixfirhy hits you but does no damage.
The tentacled starspawn bites you but does no damage.
The tentacled starspawn engulfs you but does no damage.
You sock the tentacled starspawn!
The tentacled starspawn is severely damaged.
The sixfirhy hits you but does no damage.
The sixfirhy hits you. The sixfirhy shocks you. You resist.
The sixfirhy hits you but does no damage.
The starspawn tentacle grabs you. The starspawn tentacle constricts you.
You sock the tentacled starspawn!
The starspawn tentacle loses its grip on you.
The tentacled starspawn is almost destroyed.
The sixfirhy hits you but does no damage.
The sixfirhy hits you!
* * * LOW HITPOINT WARNING * * *
The sixfirhy shocks you. You resist.
* * * LOW HITPOINT WARNING * * *
The sixfirhy hits you but does no damage.
The tentacled starspawn bites you!!
You die...

.. . ### ##.
..# #..# ##w#
#..##Xw# #
#..#@#
#.w#3#.#
...##..####.
#.#. #..!
.....
###..######..
#.## ##
##.#.# #
####.#. .# #.
... .####


You could see a tentacled starspawn, a sixfirhy and 2 starspawn tentacles.

Vanquished Creatures
  2 two-headed ogres (D:8)
  2 thrashing horrors (Abyss:2)
  A centaur zombie (D:8)
  Maurice (D:9)
  An efreet (Abyss:2)
  An ancient zyme (Abyss:2)
  A freezing wraith (Abyss:2)
  3 hippogriffs
  A wyvern (D:8)
  6 yaks (D:8)
  A steam dragon (D:8)
  Menkaure (D:7)
  A large abomination (Abyss:2)
  A sky beast (D:6)
  2 black bears
  2 orc warriors
  2 ogres
  A big kobold (Sewer)
  3 bullfrogs (D:6)
  4 scorpions
  4 killer bees (D:8)
  A howler monkey (D:7)
  4 crimson imps
  2 small abominations (Abyss:2)
  A gnoll shaman (D:6)
  A quasit (Abyss:2)
  A bullfrog skeleton (D:9)
  3 hounds
  5 orc wizards
  Jessica (D:3)
  4 iguanas
  Natasha (D:3)
  6 worker ants
  Terence (D:2)
  A killer bee zombie (D:7)
  3 gnolls (D:6)
  2 river rats
  12 adders
  A shadow imp (D:6)
  An ooze (D:2)
  An adder zombie (D:6)
  An adder skeleton (D:4)
  4 worms
  2 dart slugs
  4 leopard geckos
  22 orcs
  6 bats
  3 giant cockroaches
  8 goblins
  6 hobgoblins
  11 jackals
  4 quokkas
  4 ball pythons
  3 frilled lizards (D:2)
  A giant cockroach zombie (D:5)
  11 kobolds
  A leopard gecko zombie (D:7)
  A quokka zombie (D:5)
  13 rats
  A starspawn tentacle (Abyss:2)
199 creatures vanquished.

Vanquished Creatures (others)
  A quasit (Abyss:2)
  A jackal (D:9)
  4 starspawn tentacles (Abyss:2)
6 creatures vanquished.

Grand Total: 205 creatures vanquished

Notes
Turn   | Place    | Note
-------+----------+-------------------------------------------
     0 | D:1      | Borgoz the Gargoyle Gladiator began the quest for the Orb.
     0 | D:1      | Reached XP level 1. HP: 12/12 MP: 1/1
   174 | D:1      | Reached XP level 2. HP: 15/18 MP: 2/2
   479 | D:1      | Found a sparkling altar of Nemelex Xobeh.
   590 | D:2      | Reached skill level 1 in Armour
   638 | D:2      | Reached XP level 3. HP: 21/22 MP: 3/3
   919 | D:2      | Noticed Terence
   931 | D:2      | Killed Terence
   931 | D:2      | Reached skill level 4 in Maces & Flails
   931 | D:2      | Reached XP level 4. HP: 22/28 MP: 4/4
  1786 | D:3      | Noticed Jessica
  1790 | D:3      | Killed Jessica
  1790 | D:3      | Reached XP level 5. HP: 27/32 MP: 5/5
  1958 | D:3      | Noticed Natasha
  1970 | D:3      | Killed Natasha
  2209 | D:3      | Found a faded altar of an unknown god.
  2257 | D:3      | Reached skill level 5 in Maces & Flails
  2547 | D:3      | Reached XP level 6. HP: 38/38 MP: 6/6
  2977 | D:4      | Found a staircase to the Ecumenical Temple.
  3024 | Temple   | Entered the Ecumenical Temple
  3158 | Temple   | Became a worshipper of the Shining One
  3530 | D:5      | Entered Level 5 of the Dungeon
  3576 | D:5      | Found a runed translucent door.
  3576 | D:5      | Noticed Wormgod's ghost (novice MiBe)
  3622 | D:5      | Reached XP level 7. HP: 44/44 MP: 7/7
  3754 | D:5      | Reached skill level 6 in Maces & Flails
  3765 | D:5      | Got a faintly glowing dagger
  3766 | D:5      | Identified the cursed +1 dagger of the Spider Nest {venom,
                  | rF+ Int+2} (You found it on level 5 of the Dungeon)
  4418 | D:6      | Reached skill level 5 in Fighting
  4467 | D:6      | Reached * piety under the Shining One
  4471 | D:6      | Reached XP level 8. HP: 40/49 MP: 8/8
  4487 | D:6      | Reached skill level 7 in Maces & Flails
  4512 | D:6      | Found a shadowy altar of Dithmenos.
  4544 | D:6      | Reached skill level 5 in Armour
  4642 | D:6      | Found a glowing drain.
  4670 | Sewer    | Entered a sewer
  4767 | Sewer    | Found a glowing silver altar of Zin.
  5090 | D:6      | Reached skill level 8 in Maces & Flails
  5495 | D:7      | Noticed a hippogriff
  5500 | D:7      | Killed a hippogriff
  5500 | D:7      | Reached XP level 9. HP: 56/56 MP: 9/9
  5610 | D:7      | Reached skill level 9 in Maces & Flails
  5617 | D:7      | Noticed Menkaure
  5641 | D:7      | Killed Menkaure
  6043 | D:8      | Found a staircase to the Lair.
  6085 | D:8      | Reached skill level 10 in Maces & Flails
  6285 | D:8      | Noticed a two-headed ogre
  6295 | D:8      | Killed a two-headed ogre
  6295 | D:8      | Reached XP level 10. HP: 52/64 MP: 10/10
  6583 | D:8      | Reached ** piety under the Shining One
  6625 | D:8      | Noticed a two-headed ogre
  6638 | D:8      | Killed a two-headed ogre
  6638 | D:8      | Reached skill level 11 in Maces & Flails
  7023 | D:8      | Got a scorched hunting sling
  7087 | D:9      | Noticed Maurice
  7105 | D:9      | Killed Maurice
  7146 | D:9      | Noticed Erolcha
  7150 | D:9      | Cast into level 1 of the Abyss (Erolcha)
  7169 | Abyss:1  | Noticed a smoke demon
  7174 | Abyss:1  | Noticed a great orb of eyes
  7180 | Abyss:1  | Noticed a starcursed mass
  7252 | Abyss:2  | Got an ichor-stained long sword
  7264 | Abyss:2  | Noticed a tentacled starspawn
  7293 | Abyss:2  | Noticed a large abomination
  7349 | Abyss:2  | Reached XP level 11. HP: 58/71 MP: 11/11
  7366 | Abyss:2  | Noticed a hellephant
  7546 | Abyss:2  | Noticed a thrashing horror
  7553 | Abyss:2  | Noticed a thrashing horror
  7559 | Abyss:2  | Killed a thrashing horror
  7559 | Abyss:2  | Reached skill level 12 in Maces & Flails
  7565 | Abyss:2  | Killed a thrashing horror
  7635 | Abyss:2  | Reached *** piety under the Shining One
  7644 | Abyss:2  | Noticed a tentacled starspawn
  7653 | Abyss:2  | Noticed a sixfirhy
  7667 | Abyss:2  | Mangled by a tentacled starspawn

Levels and vault maps discovered:
D:1:      dpeg_arrival_lava_temple_mockup, layout_loops_cross,
          nemelex_xobeh_ov_fountains_minmay
D:2:      layout_basic, minmay_misc_feat_doors, minmay_misc_feat_cross,
          uniq_terence
D:3:      layout_loops_ring, chequers_ecumenical_altar_island, uniq_natasha,
          uniq_jessica
D:4:      layout_loops_cross, temple_doors_e, first_ration, st_stairs_8
D:5:      layout_basic, serial_rivers, chequers_serial_rivers_small_3,
          chequers_serial_rivers_micro_c, chequers_serial_rivers_micro_e,
          chequers_serial_rivers_room_b, gammafunk_ghost_grave
D:6:      layout_loops_ring, portal_sewer_entry_c,
          grunt_dithmenos_smoke_and_mirrors
D:7:      layout_loops_corners, dk_noncrumbling_4, uniq_menkaure
D:8:      layout_basic, lair_entry_dummy
D:9:      layout_rooms, uniq_maurice, uniq_gastronok, uniq_erolcha
Temple:   nicolae_temple_the_god_donut
Abyss:2:  base:
D:14

Skill      XL: |  1  2  3  4  5  6  7  8  9 10 11 |
---------------+----------------------------------+-----
Armour         | 1 2 3 4 5 7 8 9 |  9.3
Fighting       | 3 4 5 6 8 9 |  9.6
Maces & Flails | 4 5 6 8 10 11 12 | 12.2
Throwing       | |  1.7
Dodging        | |  2.4

Action                   |  1- 3 |  4- 6 |  7- 9 | 10-12 || total
-------------------------+-------+-------+-------+-------++-------
Melee: Flail             |    85 |   178 |       |       ||   263
       Morningstar       |       |     9 |   285 |   184 ||   478
Throw: Throwing net      |       |       |       |     1 ||     1
Evoke: Wand              |       |       |       |     3 ||     3
  Use: Scroll            |       |     5 |    12 |     2 ||    19
       Potion            |       |       |     1 |     4 ||     5
  Eat: Chunk             |       |     9 |     9 |     3 ||    21
       Ration            |       |       |       |     1 ||     1
Armor: Leather armour    |    30 |       |       |       ||    30
       Scale mail        |       |    97 |   168 |    53 ||   318
       Chain mail        |       |       |       |   106 ||   106
       Skin              |       |       |       |     6 ||     6
Dodge: Dodged            |    69 |   104 |   167 |   106 ||   446
Block: Other             |       |       |    33 |    15 ||    48
       Reflection        |       |       |     1 |       ||     1

Table legend:
 A = Non-vault XP
 B = Vault XP
 C = Vault XP percentage of total XP
 D = Non-vault monster count
 E = Vault monster count
 F = Vault count percentage of total count
                 A         B        C        D         E       F
            +---------+---------+-------+---------+---------+-------
      Total |   10678 |     855 |   7.4 |     177 |      22 |  11.1
            +---------+---------+-------+---------+---------+-------
        D:1 |      21 |       0 |   0.0 |      12 |       0 |   0.0
        D:2 |      56 |      32 |  36.4 |      26 |       1 |   3.7
        D:3 |     138 |      72 |  34.3 |      19 |       2 |   9.5
        D:4 |     292 |       0 |   0.0 |      17 |       0 |   0.0
        D:5 |     310 |       0 |   0.0 |      12 |       0 |   0.0
        D:6 |     994 |      21 |   2.1 |      21 |       6 |  22.2
        D:7 |     985 |     172 |  14.9 |      20 |       1 |   4.8
        D:8 |    4533 |       0 |   0.0 |      34 |       0 |   0.0
        D:9 |     367 |     433 |  54.1 |       7 |       1 |  12.5
    Abyss:2 |    2982 |       0 |   0.0 |       9 |       0 |   0.0
      Sewer |       0 |     125 | 100.0 |       0 |      11 | 100.0
            +---------+---------+-------+---------+---------+-------
